 Dungeon Crawl Stone Soup version bcrawl-1.15-1-g696c4cd9b6 (webtiles) character file.

Game seed: 498679431417246088

16471 MordorOrchid the Thaumaturge (level 12, -7/77 HPs)
             Began as a Fairy Fire Elementalist on Sept 23, 2019.
             Was a Priest of Vehumet.
             Mangled by a skeletal warrior
             ... wielding a +0 trident
             ... led by a skeletal warrior
              (23 damage)
             ... on level 9 of the Dungeon.
             The game lasted 01:01:17 (6393 turns).

MordorOrchid the Thaumaturge (FrFE)                 Turns: 6393, Time: 01:01:17

Health: -7/77      AC:  9    Str:  6    XL:     12   Next: 37%
Magic:  19/29      EV: 19    Int: 23    God:    Vehumet [***...]
Gold:   271        SH: 16    Dex: 14    Spells: 8/34 levels left

rFire    . . .     SeeInvis .   a - +3 scimitar (flame)
rCold    . . .     Gourm    .   m - +3 buckler
rNeg     . . .     Faith    .   (armour unavailable)
rPois    .         Spirit   .   k - +1 hat
rElec    .         Reflect  .   (no cloak)
rCorr    .         Harm     .   (no gloves)
MR       +....                  i - +0 pair of boots
Stlth    +.........             (no amulet)
HPRegen  0.22/turn              (no ring)
MPRegen  0.21/turn              (no ring)

@: no status effects
A: small, magic attunement, unstealthy, unfitting armour, able to fly, AC/SH +7
a: Fly, Renounce Religion


You were on level 9 of the Dungeon.
You worshipped Vehumet.
Vehumet was most pleased with you.
You were hungry.

You visited 2 branches of the dungeon, and saw 11 of its levels.

You collected 576 gold pieces.
You spent 305 gold pieces at shops.

Inventory:

Hand Weapons
 a - a +3 scimitar of flaming (weapon)
 b - a +6 blowgun
 e - a +0 dagger
 j - a +0 hunting sling
 t - a +0 dagger of chaos
 y - a +1 dagger of draining
Missiles
 d - 31 curare-tipped needles
 h - 36 needles of confusion
 l - 665 bolts
 q - 1056 arrows
 r - 718 sling bullets
 C - 730 stones (quivered)
 J - 90 tomahawks
Armour
 i - a +0 pair of boots (worn)
 k - a +1 hat (worn)
 m - a +3 buckler (worn)
Wands
 g - a wand of paralysis (8)
 s - a wand of polymorph (30)
 D - a wand of flame (24)
 G - a wand of iceblast (17)
 K - a wand of clouds (3)
Scrolls
 n - 5 scrolls of teleportation
 v - 2 scrolls of enchant armour
 x - a scroll of magic mapping
 A - 2 scrolls of blinking
 E - a scroll of fog {unknown}
 I - a scroll of amnesia
 L - 2 scrolls of fear
 N - a scroll of vulnerability
Potions
 f - a potion of might {unknown}
 o - 2 potions of brilliance
 p - 3 potions of magic
 u - a potion of berserk rage
 w - 3 potions of haste
 z - a potion of lignification
 B - 4 potions of curing
 F - a potion of agility
 H - 2 potions of heal wounds
 M - a potion of cancellation {unknown}
 O - a potion of resistance
 P - a potion of ambrosia
 Q - a potion of mutation {unknown}
Comestibles
 c - 13 rations {!d}


   Skills:
 - Level 5.0 Fighting
 * Level 3.2 Short Blades
 * Level 2.3 Throwing
 * Level 8.0 Dodging
 - Level 1.5 Stealth
 - Level 4.5 Shields
 * Level 11.9 Spellcasting
 * Level 10.7 Conjurations
 - Level 2.0 Hexes
 - Level 2.0 Translocations
 * Level 10.8 Fire Magic
 * Level 5.8 Evocations


You had 8 spell levels left.
You knew the following spells:

 Your Spells              Type           Power        Failure   Level  Hunger
a - Flame Tongue          Conj/Fire      #####        1%          1    None
b - Flaming Arrows        Chrm/Fire      #####...     1%          2    None
c - Conjure Flame         Conj/Fire      ######..     1%          3    None
d - Inner Flame           Hex/Fire       N/A          1%          3    None
e - Sticky Flame          Conj/Fire      ######..     1%          4    None
f - Fireball              Conj/Fire      ######....   1%          5    None
g - Mephitic Cloud        Conj/Pois/Air  ####....     1%          3    None
z - Apportation           Tloc           ###...       2%          1    None
J - Fulminant Prism       Conj/Hex       #####.....   1%          4    None

Your spell library contained the following spells:

 Spells                   Type           Power        Failure   Level  Hunger
 Dazzling Spray           Conj/Hex       #####.       1%          3    None
 Magic Dart               Conj           ####         1%          1    None
 Sandblast                Erth           ##....       1%          1    None
 Searing Ray              Conj           ######       1%          2    None
 Iskenderun's Mystic Bla  Conj           ######..     1%          3    None
 Slow                     Hex            ###.....     2%          1    None
 Ensorcelled Hibernation  Hex/Ice        ###...       4%          2    None
 Irradiate                Conj/Tmut      #####.....   4%          5    None
 Infusion                 Chrm           ##......     5%          1    None
 Summon Butterflies       Summ           ##......     5%          1    None
 Darkness                 Hex            ###.......   98%         6    None
 Infestation              Hex/Tmut/Pois  ###......    99%         6    None
 Borgnjor's Vile Clutch   Necr/Erth      ##........   100%        6    None
 Shadow Creatures         Summ           N/A          100%        6    None
 Time Stop                Chrm/Tloc      N/A          100%        8    None


Dungeon Overview and Level Annotations

Branches:
Dungeon (10/12)            Temple (1/1) D:4            Lair (0/6) D:8
    Orc: D:8-11

Altars:
Ashenzari
Cheibriados
Dithmenos
Elyvilon
Fedhas
Gozag
Hepliaklqana
Kikubaaqudgha
Lugonu
Makhleb
Nemelex Xobeh
Okawaru
Qazlal
Ru
Sif Muna
Trog
Uskayaw
Vehumet
Wu Jian
Xom
Yredelemnul
Zin
The Shining One

Shops:
D:7 =}=   D:8 *%


Innate Abilities, Weirdness & Mutations

Your spells do not cause hunger and MP costs are reduced by 1.
Your bright wings attract enemies. (Stealth-)
You cannot fit into any form of body armour.
Your shimmering scales are hard and can block incoming attacks. (AC +7, SH +7)
You are small and have problems with some larger weapons.
You can fly continuously.


Message History

The sticky flame hits the skeletal warrior.
The skeletal warrior appears unharmed.
The skeletal warrior is severely damaged.
The skeletal warrior is covered in liquid flames!
The skeletal warrior burns!
The skeletal warrior hits you with a +0 trident!
The skeletal warrior burns!
The skeletal warrior hits you from afar with a +0 trident!!
* * * LOW HITPOINT WARNING * * *
The skeletal warrior burns!
The skeletal warrior stops burning.
There is an open door here.
There is an open door here.
There is a stone staircase leading up here.
Casting: Sticky Flame (safe; 1% risk of failure)
Confirm with . or Enter, or press ? or * to list all spells.
Aiming: Conjure Flame (safe; 1% risk of failure)
Press: ? - help, Dir - move target cursor, p - skeletal warrior The fire ignites!
The skeletal warrior hits you from afar with a +0 trident!!
You die...

#.........# #....
#.........# #....
#.........# #....
#.........# #....
#.........##### #....
#........('...###....
#.........###........
#.........# #####....
#...@.....# ####.
####ยง###### ####.
##z# ##.... #..#
#..### ###'#######
#.## #....z....# #)#
#.........# ##'####
#........>### #......
#.........'.# #.#.#.#


You could see a skeletal warrior.

Vanquished Creatures
  Gastronok (D:8)
  Erica (D:8)
  Psyche (D:9)
  A centaur warrior (D:9)
  2 two-headed ogres
  Nergalle (D:9)
  2 skeletal warriors
  2 cyclopes (D:9)
  Pikel (D:7)
  2 ugly things (D:9)
  A manticore (D:9)
  4 kobold demonologists (D:9)
  A hippogriff (D:9)
  A raiju (D:8)
  Sigmund (D:4)
  A wyvern (D:8)
  6 yaks (D:9)
  A human (D:8)
  2 hungry ghosts (D:8)
  Menkaure (D:5)
  Edmund (D:5)
  A water moccasin (D:9)
  A sky beast (D:10)
  2 phantoms
  2 slaves
  3 orc warriors
  A necrophage (D:8)
  A wolf (D:9)
  5 ogres
  4 centaurs
  2 crocodiles (D:7)
  6 bullfrogs
  A big kobold (D:9)
  A wyvern skeleton (D:9)
  A water moccasin skeleton (D:4)
  3 scorpions
  3 killer bees (D:9)
  A howler monkey (D:7)
  11 crimson imps
  4 hounds
  2 jellies
  5 orc priests
  A bullfrog skeleton (D:8)
  Ijyb (D:3)
  2 orc wizards (D:8)
  An iguana (D:4)
  7 worker ants
  A worker ant zombie (D:9)
  Robin (D:3)
  10 adders
  5 gnolls
  2 shadow imps
  2 oozes
  4 worms
  2 adder skeletons
  A dart slug (D:6)
  3 leopard geckos
  19 orcs
  2 ball pythons
  A giant cockroach (D:5)
  18 goblins
  7 hobgoblins
  4 jackals
  4 quokkas
  3 bats
  4 frilled lizards
  A jackal zombie (D:5)
  6 kobolds
  4 rats
210 creatures vanquished.

Vanquished Creatures (others)
  A slave (D:7)
  An ogre (D:7)
  A bullfrog zombie (D:7)
  12 fulminant prisms
15 creatures vanquished.

Grand Total: 225 creatures vanquished

Notes
Turn   | Place    | Note
-------+----------+-------------------------------------------
     0 | D:1      | MordorOrchid the Fairy Fire Elementalist began the quest
                  | for the Orb.
     0 | D:1      | Reached XP level 1. HP: 11/11 MP: 6/6
    39 | D:1      | Reached XP level 2. HP: 17/17 MP: 7/7
    76 | D:1      | Reached skill level 3 in Spellcasting
   520 | D:2      | Reached XP level 3. HP: 22/22 MP: 9/9
   532 | D:2      | Learned a level 3 spell: Conjure Flame
   536 | D:2      | Learned a level 3 spell: Inner Flame
   612 | D:2      | Found a sparkling altar of Nemelex Xobeh.
   612 | D:2      | Noticed an ogre
   647 | D:1      | Killed an ogre
   647 | D:1      | Reached skill level 1 in Fighting
   647 | D:1      | Reached skill level 4 in Spellcasting
   647 | D:1      | Reached XP level 4. HP: 26/28 MP: 7/12
   689 | D:2      | Reached XP level 5. HP: 33/33 MP: 13/13
   701 | D:2      | Learned a level 4 spell: Sticky Flame
   717 | D:2      | Learned a level 1 spell: Apportation
   927 | D:2      | Found a bloodstained altar of Trog.
  1075 | D:3      | Found a basalt altar of Yredelemnul.
  1201 | D:3      | Noticed Robin
  1215 | D:3      | Killed Robin
  1520 | D:3      | Noticed Ijyb
  1537 | D:3      | Killed Ijyb
  1537 | D:3      | Reached XP level 6. HP: 39/39 MP: 9/15
  1655 | D:3      | Learned a level 2 spell: Flaming Arrows
  1700 | D:4      | Reached skill level 5 in Fire Magic
  1754 | D:4      | Reached skill level 5 in Spellcasting
  1768 | D:4      | Reached skill level 1 in Translocations
  1809 | D:4      | Reached skill level 1 in Shields
  1876 | D:4      | Noticed Sigmund
  1890 | D:4      | Killed Sigmund
  1890 | D:4      | Reached XP level 7. HP: 41/45 MP: 5/16
  1964 | D:4      | Found a burning altar of Makhleb.
  2060 | D:4      | Reached XP level 8. HP: 49/51 MP: 13/18
  2145 | D:4      | Found a staircase to the Ecumenical Temple.
  2154 | Temple   | Entered the Ecumenical Temple
  2220 | Temple   | Became a worshipper of Vehumet
  2401 | D:5      | Entered Level 5 of the Dungeon
  2502 | D:5      | Noticed Edmund
  2512 | D:5      | Killed Edmund
  2512 | D:5      | Reached skill level 6 in Spellcasting
  2512 | D:5      | Reached skill level 5 in Conjurations
  2615 | D:5      | Reached skill level 1 in Evocations
  2732 | D:5      | Learned a level 5 spell: Fireball
  2961 | D:5      | Noticed Menkaure
  2965 | D:5      | Killed Menkaure
  3360 | D:5      | Reached * piety under Vehumet
  3360 | D:5      | Offered knowledge of Sting by Vehumet.
  3404 | D:6      | Reached skill level 7 in Spellcasting
  3404 | D:6      | Reached XP level 9. HP: 56/56 MP: 10/21
  3411 | D:6      | Found a sacrificial altar of Ru.
  3805 | D:7      | Reached skill level 5 in Dodging
  3816 | D:7      | Noticed Pikel
  3906 | D:7      | Found Hyruodep's Jewellery Shop.
  4088 | D:7      | Found Tist's Jewellery Shop.
  4119 | D:7      | Killed Pikel
  4119 | D:7      | Reached skill level 8 in Spellcasting
  4179 | D:7      | Noticed a two-headed ogre
  4204 | D:7      | Killed a two-headed ogre
  4204 | D:7      | Reached XP level 10. HP: 63/63 MP: 9/24
  4364 | D:7      | Found a glowing silver altar of Zin.
  4369 | D:7      | Found a bloodstained altar of Trog.
  4381 | D:7      | Learned a level 4 spell: Fulminant Prism
  4415 | D:7      | Found Ivoowaig's Gadget Shop.
  4420 | D:7      | Bought a wand of iceblast (6) for 140 gold pieces
  4607 | D:8      | Noticed Erica
  4617 | D:8      | Killed Erica
  4617 | D:8      | Offered knowledge of Throw Frost by Vehumet.
  4617 | D:8      | Reached skill level 9 in Spellcasting
  4622 | D:8      | Found Nonam's Food Boutique.
  4687 | D:8      | Noticed Joseph
  4688 | D:8      | Noticed Joseph
  4688 | D:8      | Joseph changed into Joseph the raiju
  4712 | D:8      | Reached ** piety under Vehumet
  4742 | D:8      | Reached skill level 1 in Hexes
  4824 | D:8      | Killed Joseph the raiju
  4824 | D:8      | Reached skill level 1 in Short Blades
  4976 | D:8      | Found a staircase to the Lair.
  4977 | D:8      | Noticed Gastronok
  5012 | D:8      | Noticed a two-headed ogre
  5014 | D:8      | Killed Gastronok
  5014 | D:8      | Reached skill level 10 in Spellcasting
  5014 | D:8      | Reached XP level 11. HP: 69/70 MP: 11/27
  5020 | D:8      | Killed a two-headed ogre
  5168 | D:8      | Found a blossoming altar of Fedhas.
  5207 | D:8      | Found Oxziwkut's General Store.
  5212 | D:8      | Bought a potion of heal wounds for 55 gold pieces
  5212 | D:8      | Bought a scroll of identify for 22 gold pieces
  5212 | D:8      | Bought a potion of ambrosia for 88 gold pieces
  5471 | D:9      | Noticed a purple ugly thing
  5480 | D:9      | Killed a purple ugly thing
  5480 | D:9      | Offered knowledge of Mephitic Cloud by Vehumet.
  5481 | D:9      | Noticed Psyche
  5495 | D:9      | Killed Psyche
  5495 | D:9      | Reached skill level 5 in Fighting
  5495 | D:9      | Reached skill level 5 in Evocations
  5528 | D:9      | Noticed Nergalle
  5545 | D:9      | Killed Nergalle
  5585 | D:9      | Reached skill level 1 in Throwing
  5588 | D:9      | Reached skill level 11 in Spellcasting
  5595 | D:9      | Reached skill level 10 in Fire Magic
  5635 | D:9      | Noticed a cyclops
  5663 | D:9      | Noticed a manticore
  5674 | D:9      | Killed a cyclops
  5675 | D:9      | Killed a manticore
  5675 | D:9      | Reached *** piety under Vehumet
  5675 | D:9      | Reached skill level 10 in Conjurations
  5680 | D:9      | Learned a level 3 spell: Mephitic Cloud
  5791 | D:9      | Noticed a cyclops
  5835 | D:9      | Killed a cyclops
  5835 | D:9      | Reached XP level 12. HP: 77/77 MP: 23/29
  5924 | D:9      | Noticed a centaur warrior
  5934 | D:9      | Killed a centaur warrior
  6031 | D:10     | Entered Level 10 of the Dungeon
  6074 | D:10     | Found an iron altar of Okawaru.
  6078 | D:9      | Offered knowledge of Dazzling Spray by Vehumet.
  6375 | D:10     | Noticed a centaur warrior
  6393 | D:9      | Mangled by a skeletal warrior

Skill      XL: |  1  2  3  4  5  6  7  8  9 10 11 12 |
---------------+-------------------------------------+-----
Spellcasting   | 3 4 5 7 8 10 11 | 11.9
Fire Magic     | 4 5 6 8 9 10 | 10.8
Fighting       | 1 2 3 4 5 |  5.0
Conjurations   | 2 3 4 5 7 9 10 | 10.7
Dodging        | 3 4 5 6 7 8 |  8.0
Translocations | 1 2 |  2.0
Shields        | 4 |  4.5
Evocations     | 1 3 4 5 |  5.8
Hexes          | 2 |  2.0
Short Blades   | 1 2 3 |  3.2
Throwing       | 1 2 |  2.3
Stealth        | |  1.5

Action                   |  1- 3 |  4- 6 |  7- 9 | 10-12 || total
-------------------------+-------+-------+-------+-------++-------
Melee: Dagger            |     2 |    40 |    64 |    74 ||   180
 Fire: Hunting sling     |       |     8 |    22 |    42 ||    72
Throw: Stone             |       |       |     2 |       ||     2
 Cast: Flame Tongue      |    41 |    95 |   132 |   146 ||   414
       Conjure Flame     |     1 |     8 |    11 |    18 ||    38
       Sticky Flame      |       |     3 |    17 |    22 ||    42
       Apportation       |       |     2 |       |       ||     2
       Inner Flame       |       |     1 |     3 |     1 ||     5
       Flaming Arrows    |       |     1 |     1 |       ||     2
       Fireball          |       |       |    10 |    36 ||    46
       Fulminant Prism   |       |       |       |    12 ||    12
       Mephitic Cloud    |       |       |       |     2 ||     2
 Abil: Stop Flying       |       |       |       |     1 ||     1
Evoke: Wand              |       |       |       |     4 ||     4
  Use: Scroll            |     1 |     9 |     5 |    10 ||    25
 Stab: Petrified         |       |       |    13 |       ||    13
       Paralysed         |       |       |     3 |     2 ||     5
       Confused          |       |       |       |     2 ||     2
  Eat: Chunk             |       |     3 |     4 |     6 ||    13
       Ration            |       |       |     1 |       ||     1
Armor: Skin              |     2 |    11 |     2 |    12 ||    27
Dodge: Dodged            |    21 |    31 |    45 |    69 ||   166
Block: Other             |     4 |     4 |       |       ||     8
       Buckler           |       |    30 |    85 |   117 ||   232
